 Dungeon Crawl Stone Soup version 0.30.1-11-g7821555f0a (webtiles) character file.

Game seed: 13574520077835980774

93 Okkudo the Chopper (level 4, 0/41 HPs)
             Began as a Hill Orc Monk on Dec 5, 2023.
             Slain by a gnoll
             ... wielding a +1 spear of freezing
              (4 damage)
             ... on level 3 of the Dungeon.
             The game lasted 00:05:40 (1996 turns).

Okkudo the Chopper (Hill Orc Monk)                  Turns: 1996, Time: 00:05:40

Health: 0/41       AC:  7    Str: 15    XL:     4   Next: 61%
Magic:  4/4        EV: 10    Int: 10    God:
Gold:   112        SH:  0    Dex: 13    Spells: 3/3 levels left

rFire   . . .        a - +0 hand axe
rCold   . . .        d - orb {light}
rNeg    . . .        m - +0 scale mail
rPois   .            (no helmet)
rElec   .            e - +0 cloak
rCorr   .            (no gloves)
SInv    .            (no boots)
Will    .....        (no amulet) Stlth
                     (no ring)
HPRegen 0.26/turn    (no ring)
MPRegen 0.09/turn

%: no passive effects
@: confused, ambrosia-drunk, glowing
A: no striking features
a: no special abilities


You were on level 3 of the Dungeon.
You visited 1 branch of the dungeon, and saw 3 of its levels.

You collected 112 gold pieces.

Inventory:

Hand Weapons
 a - a +0 hand axe (weapon)
Missiles
 h - a throwing net
 k - 4 datura-tipped darts (quivered)
Armour
 d - an orb of light (worn)
 e - a +0 cloak (worn)
 m - a +0 scale mail (worn)
Wands
 o - a wand of roots (9)
Scrolls
 f - 4 scrolls of identify {unknown}
 i - a scroll of acquirement {unknown}
 j - 4 scrolls of teleportation {unknown}
 p - a scroll of blinking {unknown}
Potions
 b - a potion of flight {unknown}
 c - a potion of ambrosia
 g - 3 potions of invisibility {unknown}
 l - a potion of lignification {unknown}
 n - a potion of curing {unknown}


   Skills:
 + Level 4.7 Fighting
 + Level 5.1 Axes
 + Level 3.2 Dodging


You had 3 spell levels left.
You didn't know any spells.
Your spell library contained the following spells:

 Spells                   Type           Power      Damage    Failure   Level
 Sandblast                Erth           0%         2d4       85%         1
 Passwall                 Tmut/Erth      0%         N/A       94%         2
 Call Canine Familiar     Summ           0%         N/A       99%         3
 Portal Projectile        Hex/Tloc       0%         N/A       99%         3
 Stone Arrow              Conj/Erth      0%         3d7       99%         3
 Leda's Liquefaction      Hex/Erth       0%         N/A       100%        4


Dungeon Overview and Level Annotations

Branches:
Dungeon (3/15)

Altars:
Vehumet


Message History

You see here a +0 robe.
A gnoll comes into view. It is wielding a +1 spear of freezing.
The gnoll shouts!
A gnoll comes into view. It is wielding a +0 halberd.
A gnoll comes into view. It is wielding a +0 flail.
Found a ring mail.
The gnoll shouts! x2
Found an escape hatch in the ceiling.
The gnoll hits you from afar with a +0 halberd.
The gnoll barely misses you.
You hit the gnoll.
The gnoll is lightly wounded.
The gnoll hits you from afar with a +0 halberd!
The gnoll hits you with a +1 spear of freezing.
The gnoll freezes you.
The gnoll hits you from afar with a +0 halberd!
The gnoll closely misses you.
You hit the gnoll but do no damage. The gnoll closely misses you.
The gnoll hits you from afar with a +1 spear of freezing.
The gnoll freezes you.
* * * LOW HITPOINT WARNING * * *
You hit the gnoll.
The gnoll is lightly wounded.
The gnoll barely misses you. The gnoll hits you but does no damage.
You hit the gnoll but do no damage.
The gnoll is lightly wounded.
The gnoll barely misses you.
The gnoll hits you from afar with a +1 spear of freezing.
* * * LOW HITPOINT WARNING * * *
The gnoll freezes you.
* * * LOW HITPOINT WARNING * * *
A worm comes into view.
The gnoll hits you from afar with a +0 halberd.
* * * LOW HITPOINT WARNING * * *
You are confused.
You feel invigorated. The gnoll barely misses you.
The gnoll hits you with a +0 halberd!
* * * LOW HITPOINT WARNING * * *
The gnoll hits you from afar with a +1 spear of freezing.
You die...

#### [.# #.## ##########
#..## #........# ##..#
#........# ##@#
#........# .######g####
#........#
.......gg..###........#
..........[.........†.##
#......###..##........##
#...... ##..#..........
#....w. ##............
#...... ##.########..
#....<. #... #..


You could see a worm and 3 gnolls.

Vanquished Creatures
  A hound (D:2)
  An adder (D:2)
  5 ball pythons
  5 endoplasms
  2 giant cockroaches
  9 goblins
  3 hobgoblins
  3 jackals (D:1)
  4 quokkas
  3 bats
  5 frilled lizards
  5 kobolds
  4 rats
50 creatures vanquished.

Notes
Turn   | Place    | Note
-------+----------+-------------------------------------------
     0 | D:1      | Okkudo the Hill Orc Monk began the quest for the Orb.
     0 | D:1      | Reached XP level 1. HP: 19/19 MP: 1/1
   198 | D:1      | Reached XP level 2. HP: 16/27 MP: 2/2
   645 | D:1      | Reached XP level 3. HP: 33/33 MP: 3/3
  1327 | D:2      | Found a radiant altar of Vehumet.
  1618 | D:2      | Reached skill level 5 in Axes
  1618 | D:2      | Reached XP level 4. HP: 38/41 MP: 4/4
  1994 | D:3      | HP: 2/41 [gnoll/+0 halberd (6)]
  1996 | D:3      | Slain by a gnoll

Illustrated notes

Levels and vault maps discovered:
D:1:      sevenhm_arrival_forest_fort_small_5, layout_basic
D:2:      layout_basic, basic_altar, st_stairs_11, interstate_on_off,
          minmay_misc_feat_tower, chequers_serial_rivers_marsh
D:3:      layout_rooms, zin_purify, item_on_display_b

Skill      XL: |  1  2  3 |
---------------+----------+-----
Fighting       | 4 |  4.7
Dodging        | 3 |  3.2
Axes           | 5 |  5.1

Action                     |  1- 3 |  4- 6 || total
---------------------------+-------+-------++-------
  Melee: Hand axe          |   116 |    21 ||   137
    Use: Potion            |       |     1 ||     1
 Armour: Robe              |    18 |       ||    18
         Scale mail        |    29 |     8 ||    37
  Dodge: Dodged            |    75 |    14 ||    89
